[Event "Early-Titled-Tuesday-Blitz-October-17-2023"]
[Site "Chess.com"]
[Date "2023.10.17"]
[Round "1"]
[White "wqws"]
[Black "zsoltkorpics"]
[Result "1-0"]
[WhiteElo "2631"]
[BlackElo "2327"]
[TimeControl "180+1"]
[EndTime "8:05:57 PDT"]
[Termination "wqws won on time"]

1. e4 c5 2. Nf3 e6 3. d4 cxd4 4. Nxd4 Nc6 5. Nc3 Qc7 6. Be3 a6 7. a3 Nf6 8. Nxc6 bxc6 9. Be2 d5 10. O-O Be7 11. exd5 cxd5 12. Bd3 O-O 13. Na4 Rb8 14. b4 e5 15. Bc5 Bxc5 16. Nxc5 a5 17. c3 e4 18. Be2 Bf5 19. h3 Rfd8 20. Na6 Qxc3 21. Nxb8 Rxb8 22. bxa5 Qxa5 23. Qd4 h6 24. a4 Rb4 25.
Qe5 Be6 26. Bb5 d4 27. Rab1 Rxb1 28. Rxb1 d3 29. Qd4 Nd5 30. Bc6 Nc3 31. Rb8+ Kh7 32. Bxe4+ Nxe4 33. Qxe4+ Bf5 34. Qd4 Qe1+ 35. Kh2 d2 36.
Rd8 Bc2 37. Qxd2 Qxd2 38. Rxd2 Bxa4 39. Kg3 Bb3 40. Kf4 Kg6 41. Ke5 f6+ 42. Kd6 Bf7 43. Ke7 Bg8 44. Kf8 Kh7 45. Rd7 Bd5 46. Rxg7+ 1-0

[Event "Early-Titled-Tuesday-Blitz-October-17-2023"]
[Site "Chess.com"]
[Date "2023.10.17"]
[Round "1"]
[White "Emp3rador"]
[Black "pankajfm"]
[Result "1-0"]
[WhiteElo "2546"]
[BlackElo "2113"]
[TimeControl "180+1"]
[EndTime "8:05:59 PDT"]
[Termination "Emp3rador won by resignation"]

1. e4 c5 2. Nf3 d6 3. Bb5+ Nd7 4. d4 cxd4 5. Qxd4 a6 6. Bxd7+ Bxd7 7. Nc3 Nf6 8. O-O e6 9. Bg5 Be7 10. e5 dxe5 11.
Nxe5 O-O 12. Rad1 Be8 13. Qh4 Qc7 14. Ng4 Nxg4 15. Bxe7 Nxh2 16. Rfe1 Bc6 17. Bxf8 Nf3+ 18. gxf3 Rxf8 19. Ne4 f5 20. Ng5 h6 21. Nxe6 1-0

[Event "Early-Titled-Tuesday-Blitz-October-17-2023"]
[Site "Chess.com"]
[Date "2023.10.17"]
[Round "1"]
[White "wonderfultime"]
[Black "Ural_bogatyr"]
[Result "1-0"]
[WhiteElo "2981"]
[BlackElo "2516"]
[TimeControl "180+1"]
[EndTime "8:06:02 PDT"]
[Termination "wonderfultime won by resignation"]

1. d4 Nf6 2. Nf3 d5 3. Bf4 c5 4. c3 Nc6 5. e3 Nh5 6. Be5 e6 7. Nbd2 f6 8. Bg3 Nxg3 9. hxg3 e5 10. dxe5 fxe5 11. e4 Be6 12. exd5 Bxd5 13. Bc4 Be7 14. Qc2 Bxc4 15. Nxc4 Qd5 16. Ne3 Qf7 17. Rxh7 O-O-O 18. Rxh8 Rxh8 19. Ke2 Kb8 20. Qf5 Bf6 21. Nd2 Rd8 22. Ne4 Ne7 23. Qf3 Nd5 24. Rd1 Kc7 25. Rxd5 Rxd5 26.
Nxf6 Rd8 27. Nfd5+ Kb8 28. Qxf7 1-0

[Event "Early-Titled-Tuesday-Blitz-October-17-2023"]
[Site "Chess.com"]
[Date "2023.10.17"]
[Round "1"]
[White "igorkovalenko"]
[Black "maximnovik"]
[Result "1-0"]
[WhiteElo "2884"]
[BlackElo "2506"]
[TimeControl "180+1"]
[EndTime "8:06:04 PDT"]
[Termination "igorkovalenko won on time"]

1. c4 Nf6 2. Nf3 g6 3. b4 Bg7 4.
Bb2 O-O 5. e3 d6 6. d4 e5 7.
dxe5 Nfd7 8. Nbd2 Nc6 9. Qb3 Ncxe5 10. Be2 a5 11. Nxe5 Bxe5 12. Bxe5 Nxe5 13. b5 Nd7 14. O-O Nc5 15. Qc3 f5 16. Bf3 Qf6 17. Qd4 Be6 18. Nb3 Rad8 19. Nxa5 f4 20. Rfe1 fxe3 21. Qxe3 Bf7 22.
Rac1 Rde8 23. Qd2 b6 24. Rxe8 1-0

[Event "Early-Titled-Tuesday-Blitz-October-17-2023"]
[Site "Chess.com"]
[Date "2023.10.17"]
[Round "1"]
[White "LUISMIGUELOV"]
[Black "MFatigue"]
[Result "0-1"]
[WhiteElo "2142"]
[BlackElo "2552"]
[TimeControl "180+1"]
[EndTime "8:06:04 PDT"]
[Termination "MFatigue won by resignation"]

1. e4 e6 2. b3 d5 3. Bb2 a6 4. Nc3 d4 5. Nce2 c5 6. d3 Nc6 7. g3 e5 8. Bg2 Be6 9. f4 g6 10. Nf3 Qd7 11. fxe5 Bg7 12. O-O Nxe5 13. Nxe5 Bxe5 14. c3 dxc3 15. Bxc3 Bxc3 16. Nxc3 Qd4+ 17. Kh1 Qxc3 18. Rc1 Qd4 19. e5 O-O-O 20. Rf4 Qxd3 21. Rxc5+ Kb8 22. Qxd3 Rxd3 23. h4 Ne7 24. Rb4 b5 25. a4 Rxb3 26. Rxb3 Bxb3 27. axb5 Rc8 28. Rxc8+ Kxc8 29. bxa6 Kb8 30. h5 Ka7 31. hxg6 hxg6 32. Bb7 Bd5+ 33. Bxd5 Nxd5 34. Kg2 Kxa6 35. Kf3 Kb6 36. Ke4 Nc7 37. Kf4 Ne6+ 38. Ke4 Kc5 0-1

[Event "Early-Titled-Tuesday-Blitz-October-17-2023"]
[Site "Chess.com"]
[Date "2023.10.17"]
[Round "1"]
[White "js20000"]
[Black "a-z30"]
[Result "1-0"]
[WhiteElo "2875"]
[BlackElo "2504"]
[TimeControl "180+1"]
[EndTime "8:06:05 PDT"]
[Termination "js20000 won by resignation"]

1. Nf3 Nf6 2. c4 e6 3. b3 d5 4.
e3 Be7 5. Bb2 O-O 6. Be2 b6 7. O-O Bb7 8. Nc3 Nbd7 9. cxd5 Nxd5 10. Nxd5 Bxd5 11. Qc2 Bf6 12. d4 c5 13. Rfd1 Rc8 14. Qd2 Bxf3 15. Bxf3 cxd4 16. exd4 g6 17. Rac1 Rxc1 18. Rxc1 Bg7 19. Ba3 Re8 20. d5 Ne5 21. Be4 Qh4 22. f4 Ng4 23. g3 Qf6 24. d6 Qd4+ 25. Qxd4 Bxd4+ 26. Kg2 Ne3+ 27. Kf3 Nd5 28. d7 Rd8 29. Rc8 Bf6 30. g4 Kg7 31. g5 Rxd7 32. Bf8+ 1-0

[Event "Early-Titled-Tuesday-Blitz-October-17-2023"]
[Site "Chess.com"]
[Date "2023.10.17"]
[Round "1"]
[White "UK_23"]
[Black "KChor05TTV"]
[Result "0-1"]
[WhiteElo "2418"]
[BlackElo "2714"]
[TimeControl "180+1"]
[EndTime "8:06:05 PDT"]
[Termination "KChor05TTV won by resignation"]

1. e4 c5 2. Nf3 Nc6 3. Bb5 g6 4. O-O Bg7 5. Re1 e5 6. c3 Nge7 7. d4 cxd4 8. cxd4 exd4 9. e5 O-O 10.
Na3 d6 11. exd6 Qxd6 12. Nc4 Qc5 13. Bxc6 Nxc6 14. b3 Rd8 15. Ba3 Qh5 16. Rc1 Bg4 17. Ncd2 d3 18. h3 Be6 19. Ne4 Qa5 20. Bc5 Bf5 21.
Ng3 Be6 22. b4 Nxb4 23. Qd2 Nc6 24. Qxa5 Nxa5 25. Be7 d2 26. Bxd8 dxe1=Q+ 27. Rxe1 Rxd8 0-1

[Event "Early-Titled-Tuesday-Blitz-October-17-2023"]
[Site "Chess.com"]
[Date "2023.10.17"]
[Round "1"]
[White "DanyKopy"]
[Black "MikeSailer"]
[Result "1-0"]
[WhiteElo "2541"]
[BlackElo "2083"]
[TimeControl "180+1"]
[EndTime "8:06:05 PDT"]
[Termination "DanyKopy won by resignation"]

1. d4 g6 2. e4 Bg7 3. Nc3 c5 4.
dxc5 Bxc3+ 5. bxc3 Qa5 6. Bd2 Nf6 7. Bd3 Qxc5 8. Nf3 d5 9. e5 Ne4 10. O-O Nxd2 11. Qxd2 Bg4 12. Nd4 O-O 13. Rab1 Nc6 14. h3 Bc8 15. Qe3 e6 16. Rb3 b6 17. f4 Bb7 18. g4 Na5 19. f5 Nxb3 20. axb3 Qxc3 21. f6 Kh8 22. Nf3 d4 23. Qh6 Rg8 24. Ng5 1-0

[Event "Early-Titled-Tuesday-Blitz-October-17-2023"]
[Site "Chess.com"]
[Date "2023.10.17"]
[Round "1"]
[White "beccrajoy"]
[Black "Aash20"]
[Result "0-1"]
[WhiteElo "1983"]
[BlackElo "2536"]
[TimeControl "180+1"]
[EndTime "8:06:05 PDT"]
[Termination "Aash20 won on time"]

1. e4 c5 2. Nf3 d6 3. d4 cxd4 4. Nxd4 Nf6 5. Nc3 g6 6. Bg5 Bg7 7. Bb5+ Bd7 8. Qe2 O-O 9. O-O-O a6 10. Bc4 Nc6 11. Nxc6 bxc6 12. f3 Qa5 13. e5 Nd5 14. Bxd5 cxd5 15. Nxd5 Qxa2 16. Nxe7+ Kh8 17. Bf6 Qa1+ 18.
Kd2 Qxb2 19. Rb1 Qd4+ 20. Qd3 dxe5 21. Bxg7+ Kxg7 22. Qxd4 exd4 23. Rb7 Bb5 24. Re1 Rab8 25. Rc7 Rfe8 26. Nd5 Rxe1 27. Kxe1 Re8+ 28. Kd2 Re2+ 29. Kc1 Rxg2 30. h4 Rh2 31. Nf4 Rxh4 32. Ne6+ Kf6 33. Nc5 Rf4 34. Ne4+ Kg7 35. Nd6 Rxf3 36. Nxb5 axb5 37.
Rb7 Rf5 38. Rd7 h5 39. Rxd4 g5 40. Kd2 Kg6 41. Ke3 h4 42. Rg4 Kh5 43. Rg1 g4 44. Ke4 Kg5 0-1

[Event "Early-Titled-Tuesday-Blitz-October-17-2023"]
[Site "Chess.com"]
[Date "2023.10.17"]
[Round "1"]
[White "VincentKeymer"]
[Black "Chessdreamer2020"]
[Result "1-0"]
[WhiteElo "3090"]
[BlackElo "2526"]
[TimeControl "180+1"]
[EndTime "8:06:06 PDT"]
[Termination "VincentKeymer won by checkmate"]

1. a3 c5 2. b4 Nc6 3. b5 Nb8 4. Nf3 Nf6 5. Bb2 d6 6. d3 g6 7. c4 Bg7 8. g3 O-O 9. Bg2 Nbd7 10. O-O e5 11. Nc3 Re8 12. Nd2 Nf8 13. a4 Rb8 14. a5 Bf5 15. Re1 Qd7 16. a6 Bh3 17. Bxb7 Rxb7 18. axb7 Qxb7 19. f3 h5 20. Qa4 Re7 21.
Qa6 Qd7 22. Nde4 Nxe4 23. Nxe4 d5 24. cxd5 Qxd5 25. Qd6 Qb7 26. Nxc5 Qc7 27. Qxc7 Rxc7 28. Ne4 Bd7 29. Rec1 Rb7 30. Nc5 Rxb5 31. Nxd7 Nxd7 32. Bc3 Rb7 33. Kf1 Nb6 34. Ra5 f6 35. Bd2 Kh7 36. Be3 Bh6 37. Bxh6 Kxh6 38. Ra6 Kg5 39. h4+ Kf5 40. Rca1 Nc8 41. e4# 1-0

[Event "Early-Titled-Tuesday-Blitz-October-17-2023"]
[Site "Chess.com"]
[Date "2023.10.17"]
[Round "1"]
[White "faraone99"]
[Black "Boxerandchessplayer"]
[Result "1-0"]
[WhiteElo "2574"]
[BlackElo "2205"]
[TimeControl "180+1"]
[EndTime "8:06:06 PDT"]
[Termination "faraone99 won by resignation"]

1. e4 e6 2. d4 d5 3. Nc3 Nf6 4. e5 Nfd7 5. f4 c5 6. Nf3 Nc6 7. Be3 cxd4 8. Nxd4 Qb6 9. Qd2 Nc5 10.
Nxc6 bxc6 11. Na4 Nxa4 12. Bxb6 Nxb6 13. Bd3 c5 14. c3 c4 15. Bc2 Bc5 16. O-O-O Bb7 17.
f5 O-O-O 18. Kb1 Kb8 19. Qg5 g6 20. fxe6 fxe6 21. Rhf1 Rhf8 22. h4 Nc8 23. h5 gxh5 24.
Qxh5 Ne7 25. Rf6 Bc8 26. Rdf1 Rh8 27. Rf7 Nc6 28. Ba4 Ne7 29. Rxh7 Rxh7 30. Qxh7 Nf5 31. Bc2 Ne3 32. Rf7 Nxg2 33. Ba4 d4 34. Bc6 1-0

[Event "Early-Titled-Tuesday-Blitz-October-17-2023"]
[Site "Chess.com"]
[Date "2023.10.17"]
[Round "1"]
[White "Alenzer"]
[Black "Herman-NY"]
[Result "0-1"]
[WhiteElo "2114"]
[BlackElo "2547"]
[TimeControl "180+1"]
[EndTime "8:06:07 PDT"]
[Termination "Herman-NY won on time"]

1. e4 c5 2. Nf3 Nc6 3. d4 cxd4 4. Nxd4 e6 5. Nc3 a6 6. Be2 Nf6 7. Bg5 Qa5 8. Bxf6 gxf6 9. Nxc6 bxc6 10. Qd2 h5 11. h4 Rb8 12. Qf4 Rxb2 13. Qxf6 Rh6 14. Qd4 Rxc2 15. O-O Qxc3 16. Qa7 Rxe2 17. Qc7 Bc5 18.
Qxc8+ Ke7 19. Rad1 d5 20. exd5 cxd5 21. Qc7+ Kf8 22. Qd8+ Kg7 23. Qg5+ Rg6 24. Qxh5 Qg3 25. Qe5+ Rxe5 0-1

[Event "Early-Titled-Tuesday-Blitz-October-17-2023"]
[Site "Chess.com"]
[Date "2023.10.17"]
[Round "1"]
[White "temiksmozg"]
[Black "invisible_s0ul"]
[Result "1-0"]
[WhiteElo "2606"]
[BlackElo "2279"]
[TimeControl "180+1"]
[EndTime "8:06:09 PDT"]
[Termination "temiksmozg won by resignation"]

1. e4 c5 2. Nf3 d6 3. d4 cxd4 4. Nxd4 Nf6 5. Nc3 a6 6. Be2 e5 7. Nb3 Be6 8. f4 exf4 9. Bxf4 Nc6 10. Qd2 Be7 11. O-O-O Ne5 12. Nd4 O-O 13. Nxe6 fxe6 14.
Bxe5 dxe5 15. Qxd8 Raxd8 16. Bc4 Kf7 17. Rhf1 b5 18. Bd3 Bc5 19. Rf3 Ke7 20. Rdf1 Rd4 21. Ne2 Rdd8 22. h3 h6 23. g4 Rc8 24. a3 Rfd8 25. Ng3 Rb8 26. h4 Rf8 27. g5 hxg5 28.
hxg5 Nh7 29. g6 Nf6 30. b4 Bd4 31. Kb1 Rh8 32. Ne2 Bb6 33. c4 bxc4 34. Bxc4 a5 35. b5 Rbc8 36. Bd3 Rc3 37. Nxc3 Bd4 38. Ne2 Kd6 39.
Nxd4 exd4 40. Rxf6 gxf6 41. Rxf6 Ke5 42. Rf7 Rh1+ 43.
Kc2 Rh2+ 44. Kb3 Rh3 45. Kc4 1-0

[Event "Early-Titled-Tuesday-Blitz-October-17-2023"]
[Site "Chess.com"]
[Date "2023.10.17"]
[Round "1"]
[White "ChessPromotionAlex"]
[Black "Maluco_do_Natal_00"]
[Result "1-0"]
[WhiteElo "2543"]
[BlackElo "1986"]
[TimeControl "180+1"]
[EndTime "8:06:09 PDT"]
[Termination "ChessPromotionAlex won by resignation"]

1. e4 c5 2. Nf3 Nc6 3. d4 cxd4 4.
Nxd4 Nf6 5. Nc3 e5 6. Ndb5 d6 7. Bg5 a6 8. Na3 Be7 9. Nc4 Be6 10. Bxf6 gxf6 11. Nd5 b5 12. Nce3 Bf8 13. Qf3 Bg7 14.
c3 O-O 15. Nf5 Bxf5 16. Qxf5 Kh8 17. Qf3 b4 18. Be2 bxc3 19. bxc3 Rb8 20. O-O a5 21. Rab1 Re8 22. Bb5 Qc8 23. Nxf6 Re6 24. Nd5 Ne7 25.
Bd7 Qxd7 26. Rxb8+ Ng8 27. Rfb1 Rg6 28. Rxg8+ Kxg8 29. Rb8+ Bf8 30. Nf6+ Rxf6 31. Qxf6 Qc7 32. Qg5+ 1-0

[Event "Early-Titled-Tuesday-Blitz-October-17-2023"]
[Site "Chess.com"]
[Date "2023.10.17"]
[Round "1"]
[White "bolwin"]
[Black "DanielTitichoca"]
[Result "1-0"]
[WhiteElo "2264"]
[BlackElo "2564"]
[TimeControl "180+1"]
[EndTime "8:06:10 PDT"]
[Termination "bolwin won by checkmate"]

1. Nf3 c5 2. c4 Nc6 3. d4 cxd4 4.
Nxd4 g6 5. Nc3 Bg7 6. e3 Nf6 7. Be2 O-O 8. O-O d5 9. cxd5 Nxd5 10. Nxd5 Qxd5 11. Bf3 Qc5 12. Nxc6 bxc6 13. Bd2 Rb8 14. Rc1 Qb5 15. b3 Ba6 16. Re1 Rbc8 17. Bc3 Rfd8 18.
Qc2 Bxc3 19. Qxc3 Rd3 20. Qc2 Rd6 21. h4 c5 22. h5 c4 23. hxg6 hxg6 24. Be2 Qb4 25.
Bxc4 Rd2 26. Qxg6+ Kh8 27. Qh5+ Kg8 28. Qxf7+ Kh8 29. Qh5+ Kg7 30. Qg5+ Kh8 31. Qh6# 1-0

[Event "Early-Titled-Tuesday-Blitz-October-17-2023"]
[Site "Chess.com"]
[Date "2023.10.17"]
[Round "1"]
[White "tarno17"]
[Black "jup1978"]
[Result "0-1"]
[WhiteElo "2132"]
[BlackElo "2550"]
[TimeControl "180+1"]
[EndTime "8:06:10 PDT"]
[Termination "jup1978 won by resignation"]

1. e4 e5 2. Nf3 Nf6 3. Nxe5 d6 4. Nf3 Nxe4 5. d3 Nf6 6. d4 g6 7. Be2 Bg7 8. O-O O-O 9. h3 b6 10. Be3 Bb7 11. c4 Nbd7 12. Nc3 Re8 13. Qd2 Ne4 14. Nxe4 Bxe4 15. Bh6 Rb8 16. Rfe1 Qf6 17. Rad1 Bxf3 18. Bxg7 Kxg7 19. Bxf3 Rxe1+ 20. Rxe1 c5 21. dxc5 bxc5 22.
b3 Nf8 23. Bd5 Rd8 24. Qe3 Nd7 25. Qe7 Ne5 26. Qxa7 Nd3 27. Re2 Ne5 28. a4 Rd7 29.
Qb8 Nd3 30. Qe8 Ra7 31. Qe3 Nf4 32. Rd2 Re7 33. Qg3 Ne2+ 34. Kh2 Nxg3 35. fxg3 Qc3 36. Rf2 Qxb3 37. a5 Qa3 0-1

[Event "Early-Titled-Tuesday-Blitz-October-17-2023"]
[Site "Chess.com"]
[Date "2023.10.17"]
[Round "1"]
[White "PowerThinking2650"]
[Black "Freeeeeeeeeeeeeeeeee"]
[Result "1-0"]
[WhiteElo "2533"]
[BlackElo "1979"]
[TimeControl "180+1"]
[EndTime "8:06:12 PDT"]
[Termination "PowerThinking2650 won by resignation"]

1. e4 e5 2. Nf3 Nc6 3. Nc3 Nf6 4. d4 exd4 5. Nxd4 Bb4 6. Nxc6 bxc6 7. Bd3 O-O 8. O-O d5 9. exd5 cxd5 10. Bg5 Be6 11. Ne2 h6 12. Bh4 Bd6 13. Nd4 c5 14. Nxe6 fxe6 15. c4 Qc7 16. Bg3 Bxg3 17. hxg3 Rad8 18.
Qe2 Rfe8 19. Rae1 d4 20. f4 Re7 21. Qf3 Qb7 22. b3 Qxf3 23. gxf3 Kf7 24. Re2 Rde8 25.
Rfe1 Nd7 26. Be4 Nf6 27. Bc6 Rc8 28. Bb5 Rb8 29. f5 Rb6 30. Kf2 a6 31. Ba4 g6 32. fxg6+ Kxg6 33. Re5 Nd7 34. Bxd7 Rxd7 35. Rxe6+ Rxe6 36. Rxe6+ Kg7 37. Ke2 Ra7 1-0

[Event "Early-Titled-Tuesday-Blitz-October-17-2023"]
[Site "Chess.com"]
[Date "2023.10.17"]
[Round "1"]
[White "Yeremyan_ChessMate"]
[Black "Logman74"]
[Result "1-0"]
[WhiteElo "2720"]
[BlackElo "2431"]
[TimeControl "180+1"]
[EndTime "8:06:13 PDT"]
[Termination "Yeremyan_ChessMate won on time"]

1. h3 d5 2. c4 e6 3. cxd5 exd5 4.
g3 Nf6 5. Bg2 c5 6. Nf3 Nc6 7.
O-O d4 8. d3 Be7 9. e4 dxe3 10.
Bxe3 O-O 11. d4 Nd5 12. Bc1 Ndb4 13. a3 Nd5 14. dxc5 Bxc5 15. Qc2 Qb6 16. b4 Be7 17. Bb2 Be6 18. Nbd2 Rac8 19. Qe4 Bf6 20. Bxf6 Nxf6 21. Qh4 h6 22. Rae1 Rfd8 23. g4 Nd4 24. g5 Nf5 25. Qf4 hxg5 26. Nxg5 Rd4 27. Nde4 Nxe4 28. Rxe4 Rxe4 29.
Bxe4 Qd4 30. Re1 Rf8 31. Qg4 Qf6 32. Qh5 Qh6 33. Qxh6 Nxh6 34. Nxe6 fxe6 35. Bxb7 Kf7 36. Be4 Kf6 37. Rc1 Rd8 38. Rc7 Rd4 39. f3 a5 40.
b5 Ra4 41. b6 Rxa3 42. b7 Rb3 43. Rc8 Nf5 44. b8=Q 1-0

[Event "Early-Titled-Tuesday-Blitz-October-17-2023"]
[Site "Chess.com"]
[Date "2023.10.17"]
[Round "1"]
[White "ellatambien"]
[Black "pirulillo"]
[Result "1-0"]
[WhiteElo "2622"]
[BlackElo "2317"]
[TimeControl "180+1"]
[EndTime "8:06:14 PDT"]
[Termination "ellatambien won by resignation"]

1. c4 g6 2. Nc3 Bg7 3. d4 Nf6 4. e4 O-O 5. Nf3 d6 6. Be2 Bg4 7. Be3 Bxf3 8. Bxf3 e5 9. d5 a5 10. g4 Na6 11. Qd2 Nd7 12. h4 Ndc5 13. h5 Nb4 14. Be2 c6 15. g5 cxd5 16. cxd5 Rc8 17. Kf1 Rc7 18. Kg2 f5 19. gxf6 Bxf6 20. hxg6 Rg7 21. Rag1 Rxg6+ 22. Kf1 Qe7 23. a3 Nba6 24. Rxg6+ hxg6 25. Bg4 Rf7 26. b4 axb4 27. axb4 Nxb4 28. Bxc5 Bg5 29.
Bxd6 Bxd2 30. Bxe7 Rxe7 31. Nb5 Be3 32. fxe3 1-0

[Event "Early-Titled-Tuesday-Blitz-October-17-2023"]
[Site "Chess.com"]
[Date "2023.10.17"]
[Round "1"]
[White "scarabee43"]
[Black "Tsyhanchuk_Stanislav"]
[Result "1-0"]
[WhiteElo "2780"]
[BlackElo "2455"]
[TimeControl "180+1"]
[EndTime "8:06:15 PDT"]
[Termination "scarabee43 won on time"]

1. d4 Nf6 2. c4 e6 3. Nf3 d5 4. Nc3 a6 5. cxd5 exd5 6. Bf4 c5 7. e3 Nc6 8. Be2 cxd4 9. Nxd4 Be7 10. O-O O-O 11. Rc1 Nxd4 12. Qxd4 Be6 13. Na4 Bd6 14.
Bxd6 Qxd6 15. Nc5 b6 16. Nxa6 Bg4 17. Bxg4 Rxa6 18. a3 Ra7 19. Bf3 Rd7 20. Rc3 h5 21.
Rfc1 Qe7 22. Qxb6 g5 23. Qc5 Qe6 24. Qd4 g4 25. Rc6 Rd6 26. Rxd6 Qxd6 27. Be2 Ne4 28. Bd3 f5 29. Bxe4 fxe4 30. Rc5 Rd8 31. g3 Qe6 32. a4 Qf5 33. Rc7 Qg6 34. Qe5 1-0

[Event "Early-Titled-Tuesday-Blitz-October-17-2023"]
[Site "Chess.com"]
[Date "2023.10.17"]
[Round "1"]
[White "Druid24"]
[Black "eightbyeightchess"]
[Result "1-0"]
[WhiteElo "2726"]
[BlackElo "2436"]
[TimeControl "180+1"]
[EndTime "8:06:16 PDT"]
[Termination "Druid24 won by checkmate"]

1. e4 e6 2. d4 d5 3. Nc3 Nf6 4. e5 Nfd7 5. f4 c5 6. Nf3 Nc6 7. Ne2 b5 8. Be3 b4 9. g3 Qb6 10. Bg2 Ba6 11. c3 bxc3 12. bxc3 Qb2 13. Kf2 cxd4 14. cxd4 Ba3 15. Rb1 Qxa2 16. Re1 O-O 17. Qa4 Bxe2 18. Rxe2 Qxb1 19. Qxc6 Nb6 20. f5 exf5 21. Nd2 Qc1 22. Qb5 Qc7 23. Bh3 a6 24. Qb3 Bc1 25. Bxf5 Bxd2 26. Bxd2 Nc4 27. Bf4 Rfb8 28. Qd3 Qa5 29. Bxh7+ Kf8 30. e6 fxe6 31. Rxe6 Rb7 32. Bg6 Qa2+ 33. Re2 Qb3 34. Qf5+ Kg8 35.
Qxd5+ Kh8 36. Qh5+ Kg8 37. Qh7+ Kf8 38. Qh8# 1-0

[Event "Early-Titled-Tuesday-Blitz-October-17-2023"]
[Site "Chess.com"]
[Date "2023.10.17"]
[Round "1"]
[White "Chessbard1972"]
[Black "DenisQ"]
[Result "0-1"]
[WhiteElo "2353"]
[BlackElo "2642"]
[TimeControl "180+1"]
[EndTime "8:06:17 PDT"]
[Termination "DenisQ won by checkmate"]

1. d4 d5 2. c4 c6 3. Nf3 Nf6 4. Nc3 e6 5. Bg5 h6 6. Bh4 dxc4 7. e4 g5 8. e5 gxh4 9. exf6 b5 10. Ne5 Qxf6 11. a4 Bb4 12. Be2 Bb7 13. Bf3 h3 14.
g3 Nd7 15. Bxc6 Bxc6 16. Nxc6 Bxc3+ 17. bxc3 bxa4 18. Rxa4 Nb6 19. Rxa7 Rxa7 20. Nxa7 Nd5 21. Nb5 O-O 22. Qg4+ Qg5 23. Qxg5+ hxg5 24. Ke2 Rb8 25. Nd6 Rb2+ 26. Kf3 Rc2 27. Ne4 g4+ 28. Kxg4 f5+ 29. Kxh3 fxe4 30. Re1 Nxc3 31. Ra1 Rxf2 32. Rc1 Nd5 33. Rxc4 e3 34. Rc1 e2 35. Re1 Nc3 36. g4 Rf1 37. Rxe2 Nxe2 38. Kh4 Nxd4 39. Kg5 e5 40. h4 e4 41. Kg6 e3 42. g5 e2 43.
h5 e1=Q 44. h6 Qe8# 0-1

[Event "Early-Titled-Tuesday-Blitz-October-17-2023"]
[Site "Chess.com"]
[Date "2023.10.17"]
[Round "1"]
[White "Djager97"]
[Black "szefru"]
[Result "1-0"]
[WhiteElo "2627"]
[BlackElo "2324"]
[TimeControl "180+1"]
[EndTime "8:06:18 PDT"]
[Termination "Djager97 won by resignation"]

1. e4 c5 2. Nf3 Nc6 3. Bb5 g6 4.
O-O Bg7 5. c3 Nf6 6. Re1 O-O 7.
d4 d5 8. e5 Ne4 9. Bxc6 bxc6 10.
Be3 Qb6 11. Qc1 cxd4 12. cxd4 Rb8 13. b3 f6 14. Nc3 Nxc3 15. Qxc3 Bd7 16. exf6 exf6 17.
Bf4 Rbe8 18. Bd6 Rxe1+ 19. Rxe1 Re8 20. Rxe8+ Bxe8 21. h3 Bd7 22. Qe3 Bf8 23. Bxf8 Kxf8 24. Qf4 Kg7 25. Qd6 Be8 26. g4 h6 27. h4 Qb5 28. g5 hxg5 29. hxg5 fxg5 30. Qe7+ Bf7 31.
Nxg5 Kh6 32. Nxf7+ Kg7 33. Ne5+ Kh6 34. Qf6 1-0

[Event "Early-Titled-Tuesday-Blitz-October-17-2023"]
[Site "Chess.com"]
[Date "2023.10.17"]
[Round "1"]
[White "K_A_S_T_O_R"]
[Black "imdvb6307"]
[Result "1-0"]
[WhiteElo "2859"]
[BlackElo "2498"]
[TimeControl "180+1"]
[EndTime "8:06:21 PDT"]
[Termination "K_A_S_T_O_R won on time"]

1. e4 Nc6 2. Nf3 d6 3. d4 Nf6 4. c3 g6 5. Nbd2 Bg7 6. Be2 O-O 7. O-O e5 8. dxe5 dxe5 9. Qc2 Qe7 10. b4 a6 11. a4 Bg4 12. Ba3 b5 13. axb5 axb5 14.
Bxb5 Bd7 15. Be2 Rfe8 16. Nc4 Qd8 17. Rfd1 Qc8 18. b5 Na5 19. Ncxe5 Be6 20. c4 Ng4 21. Bb2 Nxe5 22. Bxe5 Bxe5 23. Nxe5 Nb7 24. c5 Rxa1 25.
Rxa1 Qd8 26. Nc6 Qf6 27. e5 Qg5 28. Qc1 Qxc1+ 29. Rxc1 Nd8 30. Nd4 Bd5 31. f4 Ne6 32. Nxe6 fxe6 33. Bc4 Bxc4 34. Rxc4 Rb8 35. Rb4 Kf7 36.
b6 cxb6 37. cxb6 Rb7 38. Kf2 Ke7 39. Ke3 Kd7 40. Kf3 Kc6 41. Kg4 Kc5 42. Rb2 h6 43. h4 Kc6 44. h5 gxh5+ 45. Kxh5 1-0

[Event "Early-Titled-Tuesday-Blitz-October-17-2023"]
[Site "Chess.com"]
[Date "2023.10.17"]
[Round "1"]
[White "verrbaa"]
[Black "atbenina64"]
[Result "1-0"]
[WhiteElo "2460"]
[BlackElo "2712"]
[TimeControl "180+1"]
[EndTime "8:06:21 PDT"]
[Termination "verrbaa won by resignation"]

1. e4 c5 2. Nf3 d6 3. g3 Nc6 4. Bg2 g6 5. O-O Bg7 6. c3 Nf6 7. Re1 O-O 8. d4 cxd4 9. Nxd4 Bd7 10. h3 Qb6 11. Nb3 a5 12. Be3 Qa6 13. a4 Ne5 14.
N1d2 b5 15. Bf1 Qb7 16. axb5 a4 17. Nd4 Rfc8 18. f4 Nxe4 19. Nxe4 Qxe4 20. Bg2 Qd3 21. fxe5 Qxd1 22. Rexd1 Rab8 23. exd6 e5 24. Nc6 Rxb5 25. Ne7+ 1-0

[Event "Early-Titled-Tuesday-Blitz-October-17-2023"]
[Site "Chess.com"]
[Date "2023.10.17"]
[Round "1"]
[White "schack_vit"]
[Black "suyu28"]
[Result "0-1"]
[WhiteElo "2424"]
[BlackElo "2717"]
[TimeControl "180+1"]
[EndTime "8:06:21 PDT"]
[Termination "suyu28 won by resignation"]

1. c4 Nf6 2. g3 g6 3. Bg2 Bg7 4. Nf3 O-O 5. O-O d6 6. Nc3 e5 7.
b4 Nc6 8. b5 Nd4 9. a4 Re8 10.
Rb1 Bg4 11. Ng5 h6 12. h3 Bf5 13. Nge4 Nxe4 14. Nxe4 Be6 15. e3 Nf5 16. d3 Qd7 17. Nc3 c6 18. a5 Ne7 19. a6 d5 20. axb7 Qxb7 21. bxc6 Qxc6 22. cxd5 Nxd5 23. Bd2 Qd7 24. Ne4 Rec8 25. Kh2 f5 26. Qa4 Qxa4 0-1

[Event "Early-Titled-Tuesday-Blitz-October-17-2023"]
[Site "Chess.com"]
[Date "2023.10.17"]
[Round "1"]
[White "Shivananda1964"]
[Black "Maitreia"]
[Result "0-1"]
[WhiteElo "2404"]
[BlackElo "2687"]
[TimeControl "180+1"]
[EndTime "8:06:21 PDT"]
[Termination "Maitreia won on time"]

1. e4 c5 2. Nf3 g6 3. c3 Nf6 4.
e5 Nd5 5. g3 Nc6 6. Bg2 Bg7 7.
O-O O-O 8. Re1 d6 9. exd6 Qxd6 10. d3 b6 11. Na3 Bb7 12. Nc4 Qc7 13. a4 Rad8 14.
Qe2 h6 15. h4 Rfe8 16. h5 g5 17. Bxg5 hxg5 18. Nxg5 Nf6 19. f4 Nh7 20. Nxf7 Kxf7 21. Qe6+ Kf8 22. Qg6 Kg8 23. h6 e5 24. hxg7 Qxg7 25.
Qxg7+ Kxg7 26. fxe5 Ba8 27. Nd6 Re6 28. d4 cxd4 29.
cxd4 Nxd4 30. Bxa8 Rxa8 0-1

[Event "Early-Titled-Tuesday-Blitz-October-17-2023"]
[Site "Chess.com"]
[Date "2023.10.17"]
[Round "1"]
[White "Resignify"]
[Black "ArtemDyachuk"]
[Result "0-1"]
[WhiteElo "2342"]
[BlackElo "2636"]
[TimeControl "180+1"]
[EndTime "8:06:24 PDT"]
[Termination "ArtemDyachuk won on time"]

1. e4 c5 2. Nc3 d6 3. g3 g6 4. Bg2 Bg7 5. d3 Nc6 6. f4 e6 7. Nf3 Nge7 8. O-O O-O 9. Be3 Rb8 10. a3 b6 11. Rb1 f5 12. Re1 Bb7 13. Ng5 Qd7 14.
exf5 gxf5 15. Bf2 Rf6 16. Nf3 Ng6 17. h4 Re8 18. h5 Nf8 19. Ne2 Qf7 20. d4 Qxh5 21.
dxc5 dxc5 22. Ne5 Rd8 23. Qc1 Nxe5 24. fxe5 Rf7 25. Nf4 Qg5 26. Bxb7 Rxb7 27. Qe3 Rd4 28. Rbd1 Rbd7 29. Rxd4 Rxd4 30. Qf3 Rd2 31. Qc3 Rd7 32. Qb3 Qg4 33. Nxe6 c4 34. Qb5 Rd2 35. Nxf8 Qf3 0-1